 Dungeon Crawl Stone Soup version 0.30-a0-782-ge64f9170bb (webtiles) character file.

Game seed: 13881551487464353502

123415 Lavandula the Purifying Human (level 17, -3/133 HPs)
             Began as a Human Monk on Feb 20, 2023.
             Was a High Priest of Elyvilon.
             Hit by a large rock thrown by Polyphemus (24 damage)
             ... on level 2 of the Shoals.
             The game lasted 00:46:03 (29785 turns).

Lavandula the Purifying Human (Human Monk)         Turns: 29785, Time: 00:46:04

Health: -3/133     AC: 40    Str: 26    XL:     17   Next: 45%
Magic:  29/29      EV: 17    Int: 18    God:    Elyvilon [*****.]
Gold:   3600       SH:  7    Dex: 15    Spells: 16/16 levels left

rFire   + . .      SeeInvis .    d - +6 flail (protect)
rCold   . . .      Faith    .    s - +2 buckler {rN+}
rNeg    + + .      Spirit   .    R - +10 plate armour {rF+}
rPois   .          Reflect  .    (no helmet)
rElec   .          Harm     .    U - +0 cloak
rCorr   .          Rampage  .    Y - +0 pair of gloves
Will    +....                    e - -2 pair of boots of the Northern Lights {Int+7 Slay+2} Stlth
                                 u - macabre finger necklace {Finger+ rN+}
HPRegen 0.42/turn                p - +4 ring of protection
MPRegen 0.21/turn                P - +5 ring of evasion
                                 T - +6 ring of strength

@: under a protective aura
A: no striking features
a: Renounce Religion, Purification, Heal Other, Heal Self, Divine Vigour


You were on level 2 of the Shoals.
You worshipped Elyvilon.
Elyvilon was extremely pleased with you.
You visited 4 branches of the dungeon, and saw 23 of its levels.
You also visited: Sewer and Ice Cave.

You collected 3780 gold pieces.
You spent 180 gold pieces at shops.

Inventory:

Hand Weapons
 d - a +6 flail of protection (weapon)
 f - a +1 whip of electrocution
Missiles
 x - 65 poisoned darts
 y - 18 boomerangs (quivered)
 E - 2 curare-tipped darts
 N - 2 throwing nets
 O - 3 javelins
Armour
 e - the -2 pair of boots of the Northern Lights (worn) {Int+7 Slay+2}
   (You found it on level 7 of the Dungeon)

   Int:       It affects your intelligence (+7).
   Slay:      It affects your accuracy & damage with ranged weapons and melee
   (+2).
 s - a +2 buckler of positive energy (worn)
 R - a +10 plate armour of fire resistance (worn)
 U - a +0 cloak (worn)
 Y - a +0 pair of gloves (worn)
Jewellery
 h - a ring of magical power
 p - a +4 ring of protection (left hand)
 u - the macabre finger necklace (around neck) {Finger+ rN+}
   (You found it on level 11 of the Dungeon)

   [amulet of nothing]

   Finger+:   It enables you to equip an extra ring.
   rN:        It protects you from negative energy.
 v - an amulet of guardian spirit
 G - a +6 ring of dexterity
 J - the ring "Hyhut" {rC+ Int+6}
   (You found it on level 5 of the Lair of Beasts)

   [ring of intelligence]

   Int:       It affects your intelligence (+6).
   rC:        It protects you from cold.
 P - a +5 ring of evasion (right hand)
 S - a +5 ring of evasion
 T - a +6 ring of strength (on amulet)
 V - a ring of fire
Wands
 g - a wand of acid (3)
 w - a wand of paralysis (21)
 A - a wand of mindburst (10)
 K - a wand of polymorph (9)
 M - a wand of digging (8)
 Q - a wand of flame (39)
Scrolls
 a - 3 scrolls of vulnerability
 b - 2 scrolls of poison
 i - 2 scrolls of immolation
 j - 2 scrolls of enchant weapon
 o - 4 scrolls of amnesia
 z - 5 scrolls of brand weapon
 C - a scroll of silence
 I - 8 scrolls of blinking
 W - 4 scrolls of magic mapping
Potions
 c - a potion of ambrosia
 k - 2 potions of attraction {unknown}
 l - 3 potions of brilliance {unknown}
 m - 6 potions of mutation
 q - 4 potions of might
 r - 2 potions of magic {unknown}
 t - 6 potions of flight {unknown}
 B - 10 potions of curing
 D - 3 potions of resistance {unknown}
 F - 5 potions of heal wounds {unknown}
 H - 8 potions of haste {unknown}
 L - 6 potions of lignification {unknown}
 X - 4 potions of cancellation
Miscellaneous
 n - a box of beasts (inert)
 Z - a lightning rod (4/4)


   Skills:
 - Level 12.1 Fighting
 - Level 3.9 Long Blades
 - Level 14.6 Maces & Flails
 - Level 6.4 Ranged Weapons
 + Level 13.9 Armour
 - Level 10.4 Dodging
 - Level 2.0 Stealth
 - Level 4.0 Shields
 - Level 16.1 Invocations


You had 16 spell levels left.
You didn't know any spells.
Your spell library contained the following spells:

 Spells                   Type           Power      Damage    Failure   Level
 Apportation              Tloc           0%         N/A       91%         1
 Beastly Appendage        Tmut           0%         N/A       91%         1
 Kiss of Death            Conj/Necr      0%         2d5       91%         1
 Necrotise                Necr           0%         1d4       91%         1
 Summon Small Mammal      Summ           0%         N/A       91%         1
 Cigotuvi's Dreadful Rot  Necr/Pois/Air  0%         N/A       97%         2
 Ensorcelled Hibernation  Hex/Ice        0%         N/A       97%         2
 Momentum Strike          Conj/Tloc      0%         3d8       97%         2
 Passwall                 Tmut/Erth      0%         N/A       97%         2
 Poisonous Vapours        Pois/Air       0%         N/A       97%         2
 Wereblood                Tmut           0%         N/A       97%         2
 Confusing Touch          Hex            0%         N/A       99%         3
 Dazzling Flash           Conj/Hex       0%         N/A       99%         3
 Kindle Blastsparks       Fire/Tloc/Air  0%         2d10      99%         3
 Mephitic Cloud           Conj/Pois/Air  0%         N/A       99%         3
 Spider Form              Tmut/Pois      0%         N/A       99%         3
 Summon Guardian Golem    Hex/Summ       0%         N/A       99%         3
 Swiftness                Air            0%         N/A       99%         3
 Airstrike                Air            0%         2d(0-16)  100%        4
 Anguish                  Hex/Necr       0%         N/A       100%        4
 Dispel Undead            Necr           0%         3d6       100%        4
 Fulminant Prism          Conj/Hex       0%         3d5       100%        4
 Iskenderun's Mystic Bla  Conj/Tloc      0%         2d3       100%        4
 Lee's Rapid Deconstruct  Erth           0%         3d4*      100%        5
 Lightning Bolt           Conj/Air       0%         1d11      100%        5
 Silence                  Hex/Air        0%         N/A       100%        5
 Starburst                Conj/Fire      0%         6d3       100%        6
 Enfeeble                 Hex            0%         N/A       100%        7
 Orb of Destruction       Conj           0%         9d5       100%        7
 Spellforged Servitor     Conj/Summ      0%         N/A       100%        7


Dungeon Overview and Level Annotations

Branches:
Dungeon (15/15)            Temple (1/1) D:5            Lair (5/5) D:10
 Shoals (2/4) Lair:2        Snake (0/4) Lair:2        Slime (0/5) Lair:4
    Orc (0/2) D:11         Vaults (0/5) D:14         Depths (0/4) D:15
  Sewer (visited)           IceCv (visited)

Altars:
Ashenzari
Cheibriados
Dithmenos
Elyvilon
Fedhas
Gozag
Hepliaklqana
Kikubaaqudgha
Makhleb
Nemelex Xobeh
Okawaru
Qazlal
Ru
Sif Muna
Trog
Uskayaw
Vehumet
Wu Jian
Xom
Yredelemnul
Zin
The Shining One

Shops:
D:8 (   Shoals:1 *

Annotations:
D:3 2 transporters, Pascal76's ghost, amateur MfBe
D:6 1 transporter, Essalna's ghost, novice GrFE
Shoals:1 Roxanne
Shoals:2 Polyphemus


Message History

You start resting.
Magic restored.
You start resting.
A merfolk javelineer comes into view. It is wielding a +3 spear of venom.
A merfolk javelineer is nearby!
The merfolk javelineer shouts!
The merfolk javelineer throws a javelin.
The javelin pierces through you.
There is a stone staircase leading down here.
The merfolk javelineer throws a javelin.
The javelin pierces through you!
* * * LOW HITPOINT WARNING * * *
You climb downwards.
Found a stone staircase leading down.
There is a stone staircase leading up here.
You hit the water elemental.
Your weapon exudes an aura of protection.
The water elemental is lightly damaged.
You sock the water elemental!
The water elemental is heavily damaged.
The water elemental hits you!
* * * LOW HITPOINT WARNING * * *
The water elemental engulfs you in water!
You closely miss the water elemental.
The water elemental is heavily damaged.
* * * LOW HITPOINT WARNING * * *
Your lungs strain for air!
You block the water elemental's attack.
You closely miss the water elemental.
The water elemental is heavily damaged.
* * * LOW HITPOINT WARNING * * *
Your lungs strain for air!
You block the water elemental's attack.
Polyphemus and a death yak come into view.
You slip free of the water engulfing you.
You gasp with relief as air once again reaches your lungs.
Polyphemus shouts, "Attack, my pets!
Attack!"
A death yak comes into view.
Polyphemus throws a large rock.
The large rock hits you!!
You die...

≈≈...P≈≈≈≈≈≈≈≈≈
≈≈.#.~≈≈≈≈≈≈≈≈≈≈
≈~...~~≈≈≈≈≈≈≈≈≈
.....~~≈≈≈≈≈≈≈≈≈
.....~~≈≈≈≈≈≈≈≈≈
##......~~~≈≈≈≈≈
#......P..PP~≈≈≈
#..>.@P..P~P≈≈
##...P<.P.PP≈≈
#..###EP~PP~≈
..... .P..~P≈
..C.Y ..PPP≈≈
..Y.. P..~P≈≈
.... P.~~P≈≈
#.#. .P~~≈≈≈
..P~≈≈≈


You could see Polyphemus, 2 death yaks and a water elemental.

Vanquished Creatures
  A sphinx (D:13)
  A frost giant (IceCv)
  A very ugly thing (D:15)
  A war gargoyle (D:13)
  A merfolk javelineer (Shoals:1)
  6 hydras
  A great orb of eyes (D:15)
  A rakshasa (D:12)
  An ogre mage (D:13)
  2 merfolk aquamancers (Shoals:1)
  2 boulder beetles
  9 centaur warriors
  4 two-headed ogres
  A death yak (Lair:5)
  6 tengu warriors
  6 skeletal warriors
  A sea snake (Shoals:1)
  2 deep elf archers
  3 deep elf pyromancers
  2 lindwurms (Lair:4)
  A necromancer (D:14)
  9 harpies (Shoals:1)
  A wizard (D:12)
  A wolf spider zombie (D:11)
  3 fauns (Shoals:1)
  10 manticores
  11 cyclopes
  19 ugly things
  3 black mambas
  A merfolk siren (Shoals:1)
  A black mamba (shapeshifter) (D:15)
  13 elephants
  A guardian serpent (shapeshifter) (D:14)
  An ice statue (IceCv)
  9 cane toads
  A gargoyle (D:7)
  A water nymph (Shoals:1)
  A centaur skeleton (D:11)
  A cane toad (shapeshifter) (D:14)
  2 unseen horrors
  A freezing wraith (D:12)
  2 kobold demonologists
  3 komodo dragons
  An unseen horror zombie (D:8)
  4 efreet
  2 ice devils (Lair:1)
  4 rime drakes
  3 tengu conjurers
  3 meliai
  4 trolls
  16 polar bears
  4 merfolk (Shoals:1)
  8 hornets
  Grinder (D:3)
  5 blink frogs (Lair:4)
  A hellwing (D:11)
  A hornet (shapeshifter) (D:10)
  A tarantella (shapeshifter) (D:12)
  A snapping turtle (shapeshifter) (D:13)
  3 snapping turtles (Shoals:1)
  3 dream sheep (Lair:3)
  A wind drake (Shoals:1)
  23 slime creatures
  2 vampires (D:13)
  10 spriggans (Lair:5)
  A shadow (D:11)
  7 wraiths
  2 water elementals (Shoals:1)
  A wyvern (Lair:2)
  2 basilisks
  18 humans (D:14)
  45 yaks
  A golden eye (shapeshifter) (D:14)
  2 steam dragons
  12 vampire mosquitoes
  Edmund (D:4)
  An acid dragon (D:13)
  22 water moccasins
  4 orc warriors
  An ice beast (D:7)
  3 sky beasts
  A hornet zombie (D:11)
  5 black bears
  3 boggarts (Lair:5)
  39 wolves
  15 centaurs
  3 phantoms
  6 kobold brigands
  8 bullfrogs
  6 scorpions
  9 wights
  3 killer bees (D:10)
  3 howler monkeys
  An electric eel (Lair:2)
  2 centaur zombies (D:8)
  6 hounds
  An iron imp (D:6)
  2 jellies (D:7)
  4 iguanas
  10 orc wizards
  6 hell rats (Lair:4)
  2 boggart skeletons (D:11)
  A killer bee zombie (D:8)
  4 howler monkey zombies (D:8)
  8 gnolls
  17 adders
  2 river rats (Sewer)
  5 shadow imps
  2 white imps
  4 worms
  2 dart slugs (D:1)
  28 orcs
  4 bats
  6 endoplasms
  6 giant cockroaches
  5 goblins
  7 hobgoblins
  9 jackals
  5 quokkas
  7 ball pythons
  7 frilled lizards (Sewer)
  29 kobolds
  9 rats
674 creatures vanquished.

Vanquished Creatures (others)
  Jorgrun (D:14)
  A fire dragon (D:13)
  A vault guard (D:14)
  A deep troll earth mage (D:13)
  A two-headed ogre (D:11)
  A death yak (IceCv)
  A skeletal warrior (D:11)
  2 wizards (D:14)
  10 ugly things
  A centaur zombie (D:11)
  A merfolk siren (Shoals:1)
  A cane toad (Lair:2)
  A tengu conjurer (D:15)
  2 meliai (D:15)
  A hornet (Lair:5)
  A hellwing (D:11)
  3 polar bears
  4 dream sheep (Lair:3)
  A shadow (D:7)
  A centaur simulacrum (D:13)
  2 yaks
  5 spriggans (Lair:5)
  A human (D:14)
  A water moccasin (Lair:2)
  2 black bears (Lair:5)
  2 wolves (Lair:5)
  A kobold (D:11)
  19 bushes
  66 fungi
  120 plants
  7 withered plants (D:11)
262 creatures vanquished.

Grand Total: 936 creatures vanquished

Notes
Turn   | Place    | Note
-------+----------+-------------------------------------------
     0 | D:1      | Lavandula the Human Monk began the quest for the Orb.
     0 | D:1      | Reached XP level 1. HP: 18/18 MP: 1/1
    74 | D:1      | Reached XP level 2. HP: 19/24 MP: 2/2
   454 | D:1      | Reached skill level 1 in Ranged Weapons
   454 | D:1      | Reached XP level 3. HP: 29/29 MP: 3/3
   965 | D:2      | Reached XP level 4. HP: 35/35 MP: 4/4
  1192 | D:2      | Got Sif Muna's Parchment of Glamour
  2057 | D:3      | Found a transporter.
  2062 | D:3      | Noticed Pascal76's ghost (amateur MfBe)
  2076 | D:3      | Noticed Grinder
  2089 | D:3      | Killed Grinder
  2090 | D:3      | Reached skill level 5 in Ranged Weapons
  2090 | D:3      | Reached XP level 5. HP: 20/41 MP: 5/5
  2090 | D:3      | Reached XP level 6. HP: 23/47 MP: 6/6
  2931 | D:4      | Noticed a black bear
  2990 | D:3      | Found a transporter.
  3108 | D:4      | Noticed Edmund
  3135 | D:4      | Killed Edmund
  3136 | D:4      | Reached XP level 7. HP: 48/52 MP: 5/7
  3231 | D:4      | Noticed an angel
  3232 | D:4      | Found a glowing silver altar of Zin.
  3233 | D:4      | Found a shimmering altar of Xom.
  3370 | D:4      | Reached XP level 8. HP: 58/58 MP: 8/8
  3388 | D:4      | Found a glowing drain.
  3392 | Sewer    | Entered a sewer
  3612 | Sewer    | Reached skill level 5 in Maces & Flails
  4274 | D:4      | You fall into a shaft and drop 1 floor!
  4274 | D:5      | Entered Level 5 of the Dungeon
  4390 | D:5      | Found a staircase to the Ecumenical Temple.
  4447 | Temple   | Entered the Ecumenical Temple
  4542 | Temple   | Became a worshipper of Elyvilon the Healer
  4542 | Temple   | Reached * piety under Elyvilon
  4542 | Temple   | Reached ** piety under Elyvilon
  5228 | D:5      | Found a burning altar of Makhleb.
  5385 | D:6      | Found a transporter.
  5387 | D:6      | Noticed Essalna's ghost (novice GrFE)
  5388 | D:6      | Identified the +2 dire flail of Ravage {freeze, Int+6}
  5388 | D:6      | Noticed a two-headed ogre
  5544 | D:6      | Reached XP level 9. HP: 60/63 MP: 9/9
  5760 | D:6      | Reached *** piety under Elyvilon
  5850 | D:6      | Found a snail-covered altar of Cheibriados.
  6666 | D:7      | Reached skill level 10 in Maces & Flails
  6758 | D:7      | Reached **** piety under Elyvilon
  6827 | D:7      | Noticed a hornet
  6876 | D:7      | Killed a hornet
  6877 | D:7      | Reached skill level 2 in Invocations
  6896 | D:7      | Reached skill level 3 in Invocations
  6913 | D:7      | Reached skill level 4 in Invocations
  6913 | D:7      | Reached XP level 10. HP: 55/70 MP: 9/13
  7034 | D:7      | Reached skill level 5 in Invocations
  7085 | D:7      | Reached skill level 6 in Invocations
  7174 | D:7      | Noticed a gargoyle
  7174 | D:7      | Noticed a cyclops
  7188 | D:7      | Killed a gargoyle
  7189 | D:7      | Reached skill level 7 in Invocations
  7343 | D:7      | Killed a cyclops
  7344 | D:7      | Reached skill level 8 in Invocations
  7378 | D:7      | Noticed a manticore
  7383 | D:7      | Noticed a deep elf pyromancer
  7390 | D:7      | Killed a manticore
  7391 | D:7      | Reached skill level 9 in Invocations
  7396 | D:7      | Killed a deep elf pyromancer
  7486 | D:7      | Identified the -2 pair of boots of the Northern Lights
                  | {Int+7 Slay+2}
  7486 | D:7      | Identified the +8 great mace of Responsibility {freeze,
                  | rElec rC+ Int+3}
  7877 | D:8      | Reached skill level 10 in Invocations
  7936 | D:8      | Reached skill level 1 in Armour
  8007 | D:8      | Killed an unseen horror
  8008 | D:8      | Reached XP level 11. HP: 60/75 MP: 15/18
  8261 | D:8      | Found a basalt altar of Yredelemnul.
  8420 | D:8      | Found an opulent altar of Gozag.
  8448 | D:8      | Found Beggeah's Antique Weapon Shop.
  8560 | D:9      | Reached ***** piety under Elyvilon
  8603 | D:9      | Reached skill level 5 in Armour
  9133 | D:9      | Noticed a cyclops
  9150 | D:9      | Killed a cyclops
  9356 | D:9      | Paralysed by a centaur for 3 turns
  9403 | D:10     | Entered Level 10 of the Dungeon
  9403 | D:10     | Noticed a two-headed ogre
  9907 | D:10     | Found a staircase to the Lair.
 10052 | D:10     | Pacified a two-headed ogre
 10969 | D:11     | Noticed a skeletal warrior
 10973 | D:11     | Noticed a skeletal warrior
 10974 | D:11     | Noticed a skeletal warrior
 10976 | D:11     | Noticed a skeletal warrior
 11069 | Lair:1   | Entered Level 1 of the Lair of Beasts
 11094 | Lair:1   | Reached XP level 12. HP: 75/81 MP: 16/19
 11197 | Lair:1   | Found a frozen archway.
 11335 | IceCv    | Entered an ice cave
 11882 | IceCv    | Noticed a death yak
 11882 | IceCv    | Noticed a death yak
 11883 | IceCv    | Pacified a death yak
 11888 | IceCv    | Killed a death yak
 11923 | IceCv    | Noticed a frost giant
 12427 | IceCv    | Reached skill level 11 in Invocations
 12598 | IceCv    | Reached XP level 13. HP: 86/86 MP: 21/21
 12702 | IceCv    | Killed a frost giant
 12703 | IceCv    | Reached skill level 12 in Invocations
 12770 | IceCv    | Got Helewnow's Codex of Quantum Weather
 13280 | Lair:1   | Reached skill level 1 in Shields
 13436 | Lair:2   | HP: 2/86 [black mamba (11)]
 13932 | Lair:2   | Found a staircase to the Snake Pit.
 14057 | Lair:2   | Reached skill level 5 in Fighting
 16271 | Lair:4   | Reached XP level 14. HP: 81/108 MP: 19/23
 16700 | Lair:4   | Found a staircase to the Slime Pits.
 16721 | Lair:4   | Reached skill level 10 in Fighting
 16982 | Lair:4   | Reached ****** piety under Elyvilon
 17387 | Lair:5   | Entered Level 5 of the Lair of Beasts
 18281 | Lair:5   | Identified the ring "Hyhut" {rC+ Int+6}
 19074 | Lair:5   | Reached skill level 10 in Armour
 19651 | D:11     | Found a staircase to the Orcish Mines.
 19742 | D:11     | Reached XP level 15. HP: 115/119 MP: 22/24
 19799 | D:11     | Found the macabre finger necklace {Finger+ rN+}
 21174 | D:12     | Reached skill level 13 in Invocations
 22619 | D:13     | Reached skill level 14 in Invocations
 23249 | D:13     | Reached skill level 15 in Invocations
 23433 | D:13     | Reached XP level 16. HP: 118/126 MP: 27/27
 23587 | D:13     | Noticed a sphinx
 23597 | D:13     | Killed a sphinx
 23917 | D:13     | Identified a scroll of acquirement
 23918 | D:13     | Acquired 904 gold pieces
 24177 | D:13     | Reached skill level 16 in Invocations
 24748 | D:14     | Acquired 781 gold pieces
 24928 | D:14     | Reached skill level 5 in Dodging
 25128 | D:14     | Noticed Jorgrun
 25129 | D:14     | Noticed Frances
 25134 | D:14     | Pacified Jorgrun
 25140 | D:14     | Killed Jorgrun
 25141 | D:14     | Elyvilon protects you from harm!
 25145 | D:14     | HP: 6/126 [Frances/+0 battleaxe (3)]
 25153 | D:14     | Pacified Frances
 25563 | D:14     | Found a gate to the Vaults.
 26351 | D:15     | Entered Level 15 of the Dungeon
 27106 | D:15     | Found Zin's Purification Station.
 27110 | D:15     | Found a glowing silver altar of Zin.
 27113 | D:15     | Bought 2 potions of curing for 180 gold pieces
 27664 | D:15     | Reached skill level 10 in Dodging
 27780 | D:15     | Reached XP level 17. HP: 132/132 MP: 29/29
 27866 | D:15     | Found a staircase to the Depths.
 28645 | Shoals:1 | Entered Level 1 of the Shoals
 28845 | Shoals:1 | Found Haukkuto's Mass Market.
 28847 | Shoals:1 | Identified Roxanne's Tractate on Cleavage
 28847 | Shoals:1 | Noticed Roxanne
 29040 | Shoals:1 | Identified the +9 short sword of the Real Monster {flame,
                  | rElec}
 29785 | Shoals:2 | Noticed Polyphemus
 29785 | Shoals:2 | Hit by a large rock thrown by Polyphemus

Illustrated notes

Levels and vault maps discovered:
D:1:      sevenhm_arrival_forest_fort_large_2, layout_basic
D:2:      layout_basic
D:3:      layout_loops_corners, gammafunk_ghost_mausoleum, uniq_grinder
D:4:      layout_rooms, grunt_temple_overflow_order_and_chaos_1,
          gup_sewer_entry_spiral, serial_park_tiny_2, minmay_surrounded,
          uniq_edmund
D:5:      layout_basic, lightli_temple_of_fire, minmay_temple_entry_trees
D:6:      layout_basic, slow_altar_1, gammafunk_ghost_smash, minivault_10,
          grunt_decor_mini_mirrors
D:7:      layout_basic, minmay_the_grid_2x2 [minmay_the_grid_minigrid_small_alt,
          minmay_the_grid_minigrid_small, minmay_the_grid_holed_spiral,
          minmay_the_grid_prize_shrinking_boxes]
D:8:      layout_basic, nicolae_yredelemnul_corpse_copse,
          nicolae_gozag_cash_rules_everything_around_me, serial_shops,
          nicolae_shop_hallway_plus
D:9:      layout_cave_pods
D:10:     layout_stronghold, due_lair_maze_entry_diamond
D:11:     cheibrodos_grave_circle, layout_cross, david_orc_2, roderic_lattice_a,
          minmay_mirror_moons_of_madness
D:12:     minmay_dotted_concentric_squares, layout_loops_ring,
          grunt_ministairs_6
D:13:     kennysheep_snake, layout_irregular_city
D:14:     layout_roguey, grunt_vaults_entry_tiered, uniq_frances, uniq_jorgrun
D:15:     gammafunk_enter_depths_forms, layout_long_grid, serial_park_paths
          [serial_park_minivault_5x5_5], zin_purify
Temple:   nicolae_temple_superstar
Lair:1:   layout_misc_corridors, portal_ice_cave_demonic_guard
Lair:2:   layout_cellular_growth, nicolae_shoals_entry_flooding,
          minmay_snake_entry_six_corridors, infiniplex_staircase_pool
Lair:3:   layout_hall_layers, cheibrodos_lair_reptile_den
Lair:4:   layout_roguey, minmay_slime_entry_pillars, minmay_hedge_maze,
          grunt_megastairs_5, infiniplex_staircase_pool_2, lemuel_fruit_tree
Lair:5:   minmay_lair_end_enchanted_forest, layout_big_grid
Shoals:1: layout_shoals, minmay_shop_mass, st_sunken_temple, uniq_roxanne
Shoals:2: layout_shoals, uniq_ilsuiw, uniq_polyphemus

Skill      XL: |  1  2  3  4  5  6  7  8  9 10 11 12 13 14 15 16 17 |
---------------+----------------------------------------------------+-----
Ranged Weapons | 1 2 5 6 |  6.4
Maces & Flails | 3 7 10 12 14 | 14.6
Invocations    | 4 10 11 12 15 16 | 16.1
Armour         | 2 6 10 12 13 | 13.9
Shields        | 4 |  4.0
Fighting       | 9 11 12 | 12.1
Dodging        | 10 | 10.4
Long Blades    | |  3.9
Stealth        | |  2.0

Action                     |  1- 3 |  4- 6 |  7- 9 | 10-12 | 13-15 | 16-18 || total
---------------------------+-------+-------+-------+-------+-------+-------++-------
  Melee: Falchion          |    72 |    42 |       |       |       |       ||   114
         Long sword        |       |    82 |     3 |       |       |       ||    85
         Punch             |       |     3 |     6 |    11 |       |       ||    20
         Flail             |       |       |   235 |   720 |  1385 |   854 ||  3194
         Whip              |       |       |   223 |     2 |    79 |       ||   304
   Fire: Sling             |     8 |    16 |     2 |       |       |       ||    26
  Throw: Dart              |       |       |     4 |     7 |     2 |     7 ||    20
         Javelin           |       |       |       |       |     4 |       ||     4
         Boomerang         |       |       |       |       |       |     3 ||     3
 Invoke: Heal Other        |       |       |       |     9 |    20 |    18 ||    47
         Heal Self         |       |       |       |     2 |     2 |     4 ||     8
         Purification      |       |       |       |     1 |       |       ||     1
  Evoke: Wand              |       |     5 |     2 |     2 |     5 |     1 ||    15
         Lightning rod     |       |       |       |     4 |     4 |       ||     8
         Box of beasts     |       |       |       |       |       |     1 ||     1
    Use: Potion            |       |     2 |       |       |     3 |       ||     5
         Scroll            |       |     3 |     6 |     4 |     7 |    12 ||    32
   Stab: Sleeping          |     2 |     3 |       |       |       |       ||     5
         Paralysed         |       |    14 |       |       |     3 |       ||    17
         Distracted        |       |       |       |       |       |     1 ||     1
 Armour: Robe              |     1 |       |       |       |       |       ||     1
         Leather armour    |    15 |       |       |       |       |       ||    15
         Ring mail         |     2 |    25 |       |       |       |       ||    27
         Scale mail        |       |    31 |   120 |       |       |       ||   151
         Plate armour      |       |       |   183 |   730 |  1070 |   570 ||  2553
  Dodge: Dodged            |    45 |    64 |   186 |   311 |   608 |   608 ||  1822
  Block: Buckler           |       |       |       |       |   305 |   269 ||   574

Table legend: (Time is in decaauts)
 A = Elapsed time spent in this place.
 B = Non-inter-level travel time spent in this place.
 C = Inter-level travel time spent in this place.
 D = Time resting spent in this place.
 E = Time spent auto-exploring this place.
 F = Levels seen in this place.
 G = Mean time per level.
                   A        B        C        D        E       F      G
               +--------+--------+--------+--------+--------+-----+--------+
         Total |  29352 |  28083 |   1269 |   3224 |  18843 |  25 | 1174.1 |
       Dungeon |  19163 |  18173 |    990 |   2072 |  12181 |  15 | 1277.5 |
        Temple |    159 |    143 |     16 |      0 |    122 |   1 |  159.0 |
          Lair |   6621 |   6360 |    261 |    705 |   4499 |   5 | 1324.2 |
        Shoals |   1143 |   1143 |      0 |    277 |    558 |   2 |  571.5 |
         Sewer |    875 |    875 |      0 |      0 |    641 |   1 |  875.0 |
      Ice Cave |   1389 |   1389 |      0 |    170 |    840 |   1 | 1389.0 |
               +--------+--------+--------+--------+--------+-----+--------+

Top non-repeatable levels by time:
    D:13: 2288 daAuts
    D:14: 2149 daAuts
  Lair:4: 1847 daAuts
    D:10: 1678 daAuts
    D:15: 1662 daAuts
    D:11: 1516 daAuts
     D:7: 1487 daAuts
  Lair:2: 1482 daAuts
  Lair:5: 1460 daAuts
   IceCv: 1389 daAuts
    D:12: 1298 daAuts
     D:2: 1170 daAuts
     D:3: 1141 daAuts
Shoals:1: 1137 daAuts
  Lair:3: 994 daAuts
